 Dungeon Crawl Stone Soup version 0.29-a0-925-g0a7a3d12f8 (webtiles) character file.

Game seed: 12221280862867233385

3611 zeratav the Tainter (level 10, 0/71 HPs)
             Began as an Octopode Venom Mage on July 29, 2022.
             Was an Initiate of Gozag.
             Slain by a killer bee (2 damage)
             ... on level 8 of the Dungeon.
             The game lasted 00:10:58 (6067 turns).

zeratav the Tainter (Octopode Venom Mage)           Turns: 6067, Time: 00:10:58

Health: 0/71       AC:  1    Str:  8    XL:     10   Next: 11%
Magic:  6/17       EV: 20    Int: 24    God:    Gozag
Gold:   410        SH:  0    Dex: 13    Spells: 12/19 levels left

rFire   . . .      SeeInvis .   A - +4 short sword "Ynuywub" {vorpal, Int+3, short}
rCold   . . .      Faith    .   (no shield)
rNeg    . . .      Spirit   .   (helmet restricted)
rPois   .          Reflect  .   c - amulet of regeneration
rElec   .          Harm     .   l - +4 ring of evasion
rCorr   .          Rampage  .   (no ring)
Will    .....                   (no ring)
Stlth   ++++......              (no ring)
HPRegen 1.01/turn               (no ring)
MPRegen 0.15/turn               (no ring)
                                (no ring)
                                (no ring)

@: radiating poison, gold aura
A: almost no armour, amphibious, 8 rings, camouflage 1, gelatinous body 1,
(nimble swimmer 1), tentacles
a: Renounce Religion, Potion Petition, Call Merchant, Bribe Branch


You were on level 8 of the Dungeon.
You worshipped Gozag.
Gozag was aware of your devotion.
You visited 2 branches of the dungeon, and saw 9 of its levels.
You also visited: Sewer and Ossuary.

You collected 527 gold pieces.
You paid 117 gold pieces to Gozag.


Innate Abilities, Weirdness & Mutations

You cannot wear most types of armour.
You are amphibious.
You can wear up to eight rings at the same time.
Your skin changes colour to match your surroundings (Stealth+).
Your rubbery body absorbs attacks. (AC +1, EV +1)
((You are camouflaged when in or above water. (Stealth+)))
You have tentacles for arms and can constrict up to eight enemies at once.


   Skills:
 + Level 7.4 Fighting
 + Level 7.4 Dodging
 - Level 5.0 Stealth
 - Level 5.0 Spellcasting
 - Level 1.0 Transmutations
 - Level 10.0 Poison Magic


You had 12 spell levels left.
You knew the following spells:

 Your Spells              Type           Power      Damage    Failure   Level
a - Sting                 Tmut/Pois      100%       1d8       1%          1
b - Poisonous Vapours     Pois/Air       60%        N/A       1%          2
c - Olgreb's Toxic Radia  Pois           52%        N/A       1%          4

Your spell library contained the following spells:

 Spells                   Type           Power      Damage    Failure   Level
 Spider Form              Tmut/Pois      32%        N/A       2%          3
 Beastly Appendage        Tmut           20%        N/A       6%          1
 Mephitic Cloud           Conj/Pois/Air  21%        N/A       7%          3
 Wereblood                Tmut           10%        N/A       9%          2
 Dazzling Flash           Conj/Hex       12%        N/A       26%         3
 Iskenderun's Mystic Bla  Conj/Tloc      6%         2d4       65%         4
 Starburst                Conj/Fire      3%         6d3       100%        6

Inventory:

Hand Weapons
 e - a +3 short sword of protection {short}
   (You took it off a kobold on level 1 of the Dungeon)
 A - the +4 short sword "Ynuywub" (weapon) {vorpal, Int+3, short}
   (You found it on level 6 of the Dungeon)

   It inflicts extra damage upon your enemies.
   Int:       It affects your intelligence (+3).
Jewellery
 c - an amulet of regeneration (around mantle)
   (You found it on level 1 of the Dungeon)
 l - a +4 ring of evasion (left tentacle)
   (You found it on level 4 of the Dungeon)
Wands
 f - a wand of digging (8)
   (You found it on level 2 of the Dungeon)
 p - a wand of flame (20)
   (You found it on level 4 of the Dungeon)
 r - a wand of light (12)
   (You found it on level 5 of the Dungeon)
Scrolls
 d - 2 scrolls of blinking {!r}
 g - 3 scrolls of enchant weapon
 j - 3 scrolls of immolation {!r!r}
 o - 2 scrolls of fog
 q - 4 scrolls of vulnerability {!r!r}
 s - a scroll of silence {!r}
 t - a scroll of identify {@r1}
 v - 2 scrolls of teleportation {@r4}
Potions
 a - 3 potions of magic
 b - 2 potions of lignification {unknown}
 h - a potion of cancellation
 i - 2 potions of mutation {unknown}
 k - a potion of heal wounds {unknown}
 m - 3 potions of curing {unknown}
 n - a potion of flight {unknown}
 u - a potion of ambrosia {unknown}
 x - a potion of invisibility {unknown}
 z - 2 potions of attraction {unknown}
 B - a potion of resistance {unknown}

Dungeon Overview and Level Annotations

Branches:
Dungeon (8/15) Zot: 26752  Temple (1/1) D:5 Zot: 5776   Sewer (visited)
Ossuary (visited)
   Lair: D:8-11

Altars:
Ashenzari
Cheibriados
Dithmenos
Elyvilon
Gozag
Hepliaklqana
Kikubaaqudgha
Makhleb
Nemelex Xobeh
Okawaru
Qazlal
Ru
Sif Muna
Trog
Uskayaw
Vehumet
Wu Jian
Xom
Yredelemnul
Zin
The Shining One

Annotations:
D:3 exclusion: ice beast
D:8 Maurice

# #... #. #..#
#.###..## #.......###
#........#
###........# #
#.......$..# ..
#...@y..######.# ..
#.....5.$z.....#
....##..)...y.y....#.
.....#...#........(..
#........#........#.
#.#####..#..$.......#
###..#.......#..##
#### #....#o......#
...
...#..#......$....##
..


You could see an orc warrior (very poisoned), 3 killer bees, a wight and a
shadow imp.


Message History

HP[-14]
You take 14 damage, and now have 34/64 hp.
MASSIVE DAMAGE!! (PAUSE)
You hit Pikel but do no damage. You constrict Pikel. The lemure misses you.
Pikel says, "You'll feel the lick of my whip!"
Pikel completely misses you. The lemure barely misses you.
Pikel completely misses you. The shadow imp gestures at you.
You struggle to resist.
HP[+1]
You hit Pikel. You squeeze Pikel. You constrict Pikel.
The lemure closely misses you. Pikel completely misses you.
HP[+1]
You hit Pikel but do no damage. You squeeze Pikel!
You kill Pikel!
With Pikel's spell broken, his former minions thank you for their freedom.
The lemure departs this earthly plane. x3
Training target 5.0 for Spellcasting reached!
Your Spellcasting skill increases to level 5!
You need to enable at least one skill for training.
You have reached level 10!
You feel agile.
HP[+6]
You now have 71 max hp (+7).
You regained 6 hp, and now have 42/71 hp.
The shadow imp is distracted by your dazzling golden aura.
An orc warrior comes into view. It is wielding a +0 dire flail.
HP[+1]
A killer bee comes into view.
The killer bee moves out of view.
HP[+1]
You closely miss the shadow imp.
The shadow imp is no longer distracted by gold.
The shadow imp shouts, "Crawl home, thou defiled crook-pated bladder!"
The orc warrior shouts!
You grab the shadow imp.
You constrict the shadow imp, but do no damage.
Something shouts, "Scamper hence, thou froward common-kissing serf!"
You hear an angry buzzing noise.
A killer bee comes into view.
The shadow imp closely misses you.
A wight comes into view. It is wielding a +3 morningstar.
The orc warrior unwields a +0 dire flail.
The orc warrior wields a +0 arbalest.
The orc warrior shoots a bolt.
The bolt barely misses you.
The killer bee moves out of view.
HP[+1] MP[+1]
You hit the shadow imp but do no damage.
You constrict the shadow imp.
A killer bee comes into view.
The shadow imp hits you.
The orc warrior shoots a bolt.
The bolt hits you!
* * * LOW HITPOINT WARNING * * *
HP[-14]
You take 14 damage, and now have 31/71 hp.
You release your grip on the shadow imp.
The killer bee buzzes angrily.
You hear an angry buzzing noise. x2
You hear a loud, deep croak!
You hear a croak.
HP[+1] HP[+1]
The shadow imp gestures at you.
You struggle to resist.
HP[+1]
A killer bee comes into view.
The shadow imp gestures at you. Pain shoots through your body!
* * * LOW HITPOINT WARNING * * *
HP[-11]
You take 11 damage, and now have 23/71 hp.
The killer bee attacks as you move away!
The killer bee misses you. The killer bee barely misses you.
The orc warrior shoots a bolt.
The bolt barely misses you.
The killer bee buzzes angrily.
There is a stone staircase leading up here.
HP[+1] MP[+1]
Casting: Poisonous Vapours (safe; 1% risk of failure)
Confirm with . or Enter, or press ? or * to list all spells.
You begin to radiate toxic energy.
The orc warrior is poisoned.
The killer bee is poisoned.
The killer bee buzzes angrily.
The killer bee is poisoned. x3; The orc warrior looks even sicker.
The killer bee looks even sicker. x3; The killer bee misses you.
A killer bee comes into view.
The killer bee stings you!
* * * LOW HITPOINT WARNING * * *
The killer bee stings you.
* * * LOW HITPOINT WARNING * * *
The killer bee barely misses you.
The orc warrior shoots a bolt.
The bolt hits you!
* * * LOW HITPOINT WARNING * * *
You hear a shout!
HP[-23] MP[-4]
You take 23 damage, and now have 1/71 hp.
MASSIVE DAMAGE!! (PAUSE)
You lost 4 mp, and now have 6/17 mp.
The orc warrior looks even sicker.
The killer bee looks even sicker. x2
You kill the killer bee!
The killer bee is poisoned.
You kill the killer bee!
The killer bee stings you.
You die...
Your body crumbles into a pile of gold.

Skill      XL: |  1  2  3  4  5  6  7  8  9 |
---------------+----------------------------+-----
Stealth        | 3 4 5 |  5.0
Poison Magic   | 4 5 7 8 10 | 10.0
Fighting       | 1 5 7 |  7.4
Dodging        | 5 7 |  7.4
Spellcasting   | 5 |  5.0
Transmutations | |  1.0

Action                   |  1- 3 |  4- 6 |  7- 9 | 10-12 || total
-------------------------+-------+-------+-------+-------++-------
Melee: Mace              |    39 |       |       |       ||    39
       Constrict         |    21 |    18 |    44 |     1 ||    84
       Tentacles         |    13 |    17 |    43 |       ||    73
       Short sword       |    45 |    94 |   178 |     2 ||   319
       Punch             |     2 |     1 |     6 |       ||     9
 Cast: Sting             |     1 |     4 |     1 |       ||     6
       Poisonous Vapours |       |     5 |    17 |       ||    22
       Olgreb's Toxic Ra |       |       |    15 |     1 ||    16
  Use: Scroll            |       |     6 |     7 |       ||    13
 Stab: Sleeping          |    15 |    17 |    12 |       ||    44
       Distracted        |       |       |     1 |       ||     1
Armor: Skin              |     3 |     4 |     2 |       ||     9
Dodge: Dodged            |    55 |    67 |   146 |     7 ||   275

Levels and vault maps discovered:
D:1:      dpeg_arrival_erosion, layout_basic,
          hellmonk_ecumenical_altar_watching_god, corexii_corridor_pit,
          nicolae_titane
D:2:      layout_rooms, lightli_corner_chamber
D:3:      layout_loops_ring, gammafunk_temple_overflow_wave
D:4:      layout_basic, serial_forest, infiniplex_forest_lined_room_3,
          infiniplex_forest_lined_3, infiniplex_forest_end_3,
          infiniplex_forest_straight_2, infiniplex_forest_lined_corner,
          st_stairs_14
D:5:      layout_loops_cross, palyth_temple_overflow_mages,
          minmay_temple_entry_poolview, grunt_ministairs_11, dk_vineyard_1
D:6:      layout_rooms, gup_sewer_entry_spiral, uniq_blork_the_orc
D:7:      layout_loops_ring, gammafunk_temple_overflow_claw,
          nicolae_ossuary_entry_giza
D:8:      layout_cave_pools, minmay_increasing_density, uniq_maurice, uniq_pikel
Temple:   nicolae_temple_figure_eight

Notes
Turn   | Place    | Note
-------+----------+-------------------------------------------
     0 | D:1      | zeratav the Octopode Venom Mage began the quest for the
                  | Orb.
     0 | D:1      | Reached XP level 1. HP: 11/11 MP: 3/3
     0 | D:1      | magus.rc [v1.9.6]
   104 | D:1      | You pick up a book of Spectacle and begin reading...
   104 | D:1      | You add the spells Dazzling Flash, Iskenderun's Mystic
                  | Blast and Starburst to your library.
   173 | D:1      | Reached skill level 3 in Stealth
   240 | D:1      | Reached skill level 4 in Poison Magic
   240 | D:1      | Reached XP level 2. HP: 17/17 MP: 5/5
   493 | D:1      | Found a faded altar of an unknown god.
   494 | D:1      | Noticed a golden eye
   496 | D:1      | Noticed a floating eye
   496 | D:1      | Noticed an eye of devastation
   496 | D:1      | Noticed a great orb of eyes
   499 | D:1      | Reached XP level 3. HP: 20/20 MP: 6/6
   520 | D:1      | Reached skill level 4 in Stealth
  1122 | D:2      | Learned a level 2 spell: Poisonous Vapours
  1125 | D:2      | Reached XP level 4. HP: 27/27 MP: 7/7
  1490 | D:3      | Noticed an ice beast
  1673 | D:3      | Reached skill level 5 in Poison Magic
  1791 | D:3      | Found a bloodstained altar of Trog.
  1791 | D:3      | Found a glowing golden altar of the Shining One.
  2101 | D:4      | Reached skill level 5 in Stealth
  2181 | D:4      | Reached XP level 5. HP: 25/31 MP: 8/8
  2220 | D:4      | Reached skill level 6 in Poison Magic
  2228 | D:4      | HP: 6/31 [iguana (6)]
  2310 | D:4      | Identified the +3 leather armour of Indemnity {Regen+ Int+8
                  | Stlth-}
  2316 | D:4      | Reached skill level 7 in Poison Magic
  2316 | D:4      | Reached XP level 6. HP: 36/36 MP: 1/9
  2638 | D:5      | Entered Level 5 of the Dungeon
  2773 | D:5      | Found a radiant altar of Vehumet.
  2784 | D:5      | Found an ancient bone altar of Kikubaaqudgha.
  2789 | D:5      | Reached skill level 8 in Poison Magic
  2793 | D:5      | Found a shimmering blue altar of Sif Muna.
  2857 | D:5      | Reached XP level 7. HP: 36/41 MP: 10/10
  3037 | D:5      | Reached skill level 9 in Poison Magic
  3246 | D:5      | Reached skill level 10 in Poison Magic
  3322 | D:5      | Reached skill level 1 in Fighting
  3328 | D:5      | Reached XP level 8. HP: 28/49 MP: 11/11
  3359 | D:5      | Learned a level 4 spell: Olgreb's Toxic Radiance
  3495 | D:5      | Reached skill level 3 in Dodging
  3499 | D:5      | Reached skill level 2 in Fighting
  3563 | D:5      | Found a staircase to the Ecumenical Temple.
  3573 | Temple   | Entered the Ecumenical Temple
  3913 | D:6      | Reached skill level 3 in Fighting
  4044 | D:6      | Reached skill level 4 in Dodging
  4115 | D:6      | Noticed a wyvern
  4122 | D:6      | Killed a wyvern
  4123 | D:6      | Reached skill level 4 in Fighting
  4201 | D:6      | Found a glowing drain.
  4205 | Sewer    | Entered a sewer
  4276 | Sewer    | Reached skill level 5 in Dodging
  4442 | D:6      | Identified the +4 short sword "Ynuywub" {vorpal, Int+3}
  4537 | D:6      | Reached skill level 5 in Fighting
  4537 | D:6      | Reached XP level 9. HP: 61/61 MP: 9/12
  4607 | D:6      | Noticed Blork the orc
  4621 | D:6      | Killed Blork the orc
  4925 | D:7      | Reached skill level 6 in Dodging
  4967 | D:7      | Found an opulent altar of Gozag.
  4967 | D:7      | Found a shimmering altar of Xom.
  4968 | D:7      | Found a stormy altar of Qazlal.
  4978 | D:7      | Became a worshipper of Gozag Ym Sagoz the Greedy
  5043 | D:7      | Reached skill level 6 in Fighting
  5086 | D:7      | Found a sand-covered staircase.
  5095 | Ossuary  | Entered an ossuary
  5686 | D:7      | Reached skill level 7 in Dodging
  5823 | D:8      | Noticed Pikel
  5823 | D:8      | Noticed a two-headed ogre
  5824 | D:8      | Noticed Maurice
  5894 | D:8      | You pick up a book of Changes and begin reading...
  5894 | D:8      | You add the spells Beastly Appendage, Wereblood and Spider
                  | Form to your library.
  5935 | D:8      | Killed a two-headed ogre
  5936 | D:8      | Reached skill level 7 in Fighting
  5936 | D:8      | Reached skill level 4 in Spellcasting
  6056 | D:8      | Killed Pikel
  6057 | D:8      | Reached skill level 5 in Spellcasting
  6057 | D:8      | Reached XP level 10. HP: 42/71 MP: 8/17
  6066 | D:8      | HP: 14/71 [killer bee (4)]
  6066 | D:8      | HP: 1/71 [orc warrior/bolt (13)]
  6067 | D:8      | Slain by a killer bee

Vanquished Creatures
  A two-headed ogre (D:8)
  Pikel (D:8)
  A wyvern (D:6)
  2 water moccasins
  An orc warrior (D:6)
  An ogre (D:6)
  A black bear (D:5)
  A lemure (D:7)
  2 phantoms
  Blork the orc (D:6)
  2 bullfrogs
  4 scorpions
  2 wights (D:7)
  8 killer bees
  A howler monkey (D:4)
  3 hounds
  2 human zombies (Ossuary)
  5 orc priests
  3 iguanas
  10 orc wizards
  6 mummies
  7 adders
  A river rat (D:6)
  3 shadow imps
  A white imp (D:8)
  An ufetubus (D:5)
  A worm (D:2)
  4 dart slugs
  15 orcs
  7 endoplasms
  4 giant cockroaches
  2 gnoll zombies (Ossuary)
  15 goblins
  7 hobgoblins
  11 jackals
  9 kobolds
  2 quokkas
  4 ball pythons
  6 bats
  3 frilled lizards
  A goblin zombie (Ossuary)
  3 hobgoblin zombies
  2 orc zombies
  8 rats
175 creatures vanquished.

Vanquished Creatures (collateral kills)
  A wight (D:7)
1 creature vanquished.

Vanquished Creatures (others)
  3 plants (D:4)
3 creatures vanquished.

Grand Total: 179 creatures vanquished

Table legend:
 A = Non-vault XP
 B = Vault XP
 C = Vault XP percentage of total XP
 D = Non-vault monster count
 E = Vault monster count
 F = Vault count percentage of total count
                 A         B        C        D         E       F
            +---------+---------+-------+---------+---------+-------
      Total |    3907 |    1372 |  26.0 |     141 |      34 |  19.4
            +---------+---------+-------+---------+---------+-------
        D:1 |      56 |       0 |   0.0 |      33 |       0 |   0.0
        D:2 |      33 |       0 |   0.0 |      16 |       0 |   0.0
        D:3 |      30 |       0 |   0.0 |      13 |       0 |   0.0
        D:4 |     242 |       0 |   0.0 |      20 |       0 |   0.0
        D:5 |     672 |     263 |  28.1 |      19 |       8 |  29.6
        D:6 |     900 |     130 |  12.6 |      15 |       7 |  31.8
        D:7 |     890 |      20 |   2.2 |      18 |       3 |  14.3
        D:8 |    1084 |     629 |  36.7 |       7 |       1 |  12.5
      Sewer |       0 |     149 | 100.0 |       0 |       2 | 100.0
    Ossuary |       0 |     181 | 100.0 |       0 |      13 | 100.0
            +---------+---------+-------+---------+---------+-------

Illustrated notes

Table legend:
 A = Kills in this place as a percentage of kills in entire the game.
 B = Kills by you in this place as a percentage of kills by you in the entire game.
 C = Kills by friends in this place as a percentage of kills by friends in the entire game.
 D = Other kills in this place as a percentage of other kills in the entire game.
 E = Experience gained in this place as a percentage of experience gained in the entire game.
 F = Experience gained in this place divided by the number of levels of this place that you have seen.
                   A       B       C       D       E      F
               +-------+-------+-------+-------+-------+----------------------
         Total | 100.0 | 100.0 | 100.0 |   N/A | 100.0 | 479.9
       Dungeon |  91.4 |  91.4 | 100.0 |   N/A |  93.7 | 618.6
         Sewer |   1.1 |   1.1 |   0.0 |   N/A |   2.8 | 149.0
       Ossuary |   7.4 |   7.5 |   0.0 |   N/A |   3.4 | 181.0
               +-------+-------+-------+-------+-------+----------------------

Table legend: (Time is in decaauts)
 A = Elapsed time spent in this place.
 B = Non-inter-level travel time spent in this place.
 C = Inter-level travel time spent in this place.
 D = Time resting spent in this place.
 E = Time spent auto-exploring this place.
 F = Levels seen in this place.
 G = Mean time per level.
                   A        B        C        D        E       F      G
               +--------+--------+--------+--------+--------+-----+--------+
         Total |   6110 |   5834 |    276 |    283 |   4121 |  11 |  555.5 |
       Dungeon |   5407 |   5150 |    257 |    219 |   3682 |   8 |  675.9 |
        Temple |    223 |    204 |     19 |      0 |    201 |   1 |  223.0 |
         Sewer |    150 |    150 |      0 |      0 |    103 |   1 |  150.0 |
       Ossuary |    329 |    329 |      0 |     64 |    135 |   1 |  329.0 |
               +--------+--------+--------+--------+--------+-----+--------+

Top non-repeatable levels by time:
     D:5: 1030 daAuts
     D:1: 973 daAuts
     D:7: 878 daAuts
     D:6: 734 daAuts
     D:3: 707 daAuts
     D:4: 553 daAuts
     D:2: 426 daAuts
 Ossuary: 329 daAuts
  Temple: 223 daAuts
   Sewer: 150 daAuts
     D:8: 103 daAuts
